 Dungeon Crawl Stone Soup version 0.27.1-33-g824d729ab1 (webtiles) character file.

Game seed: 14169094311750197024

129 comborobin the Sneak (level 5, 0/34 HPs)
             Began as an Octopode Brigand on Dec 29, 2021.
             Succumbed to an adder's poison
             ... on level 4 of the Dungeon.
             The game lasted 00:01:45 (1908 turns).

comborobin the Sneak (Octopode Brigand)             Turns: 1908, Time: 00:01:46

Health: 0/34       AC:  1    Str: 11    XL:     5   Next: 12%
Magic:  5/5        EV: 12    Int: 14    God:
Gold:   49         SH:  0    Dex: 13    Spells: 4/4 levels left

rFire    + . .     SeeInvis .   a - +2 dagger
rCold    . . .     Faith    .   (no shield)
rNeg     . . .     Spirit   .   (helmet restricted)
rPois    .         Reflect  .   (no amulet)
rElec    .         Harm     .   g - ring of protection from fire
rCorr    .         Rampage  .   (no ring)
Will     .....     Clarity  +   (no ring)
Stlth    ++++......             (no ring)
HPRegen  0.11/turn              (no ring)
MPRegen  0.09/turn              (no ring)
                                (no ring)
                                (no ring)

@: lethally poisoned (0 -> -10), flying
A: almost no armour, amphibious, 8 rings, camouflage 1, gelatinous body 1,
(nimble swimmer 1), tentacles, clarity
a: no special abilities


You were on level 4 of the Dungeon.
You visited 1 branch of the dungeon, and saw 4 of its levels.

You collected 49 gold pieces.

Inventory:

Hand Weapons
 a - a +2 dagger (weapon)
Missiles
 b - 8 poisoned darts (quivered)
 c - 2 curare-tipped darts
Jewellery
 g - a ring of protection from fire (left tentacle)
Scrolls
 d - 2 scrolls of teleportation {unknown}
 e - a scroll of vulnerability {unknown}
 h - a scroll of amnesia {unknown}
 i - 4 scrolls of identify {unknown}
 k - a scroll of magic mapping {unknown}


   Skills:
 - Level 2.0 Fighting
 + Level 4.4 Short Blades
 - Level 2.0 Throwing
 - Level 1.0 Dodging
 + Level 6.5 Stealth


You had 4 spell levels left.
You didn't know any spells.
Your spell library was empty.

Dungeon Overview and Level Annotations

Branches:
Dungeon (4/15)
 Temple: D:4-7

Altars:


Innate Abilities, Weirdness & Mutations

You cannot wear most types of armour.
You are amphibious.
You can wear up to eight rings at the same time.
Your skin changes colour to match your surroundings (Stealth+).
Your rubbery body absorbs attacks. (AC +1, EV +1)
((You are camouflaged near water. (Stealth+)))
You have tentacles for arms and can constrict up to eight enemies at once.
You possess an exceptional clarity of mind.


Message History

You hit the hound but do no damage. You grab the hound.
The hound is heavily wounded.
You constrict the hound, but do no damage.
The hound bites you.
You barely miss the hound. You squeeze the hound.
The hound is severely wounded.
You constrict the hound. The hound bites you.
You hit the hound. You squeeze the hound.
You kill the hound!
The adder bites you.
You are poisoned.
The adder poisons you!
You have reached level 5!
You feel stronger.
You hit the adder. You grab the adder.
The adder is moderately wounded.
You constrict the adder.
You feel sick. The adder barely misses you.
You barely miss the adder.
The adder is heavily wounded.
You constrict the adder.
You feel sick. The adder bites you.
You are more poisoned.
The adder poisons you!
You hit the adder.
The adder is severely wounded.
You constrict the adder.
You feel sick. The adder bites you.
* * * LOW HITPOINT WARNING * * *
You are more poisoned.
The adder poisons you!
You hit the adder.
You kill the adder!
* * * LOW HITPOINT WARNING * * *
You feel very sick.
It was a potion of mutation.
You feel extremely strange.
Your thoughts seem clearer.
* * * LOW HITPOINT WARNING * * *
You feel very sick.
It was a potion of flight.
You feel very buoyant.
You fly up into the air.
You die...

.......< ###
.####### ..# # #..
# #.# # ###.####
########## .>....#
#.........
#.##.####.########
#@†..............
#†##.####.#######
#######)##.# #.#
........##.# #.#
######..##.# #.# #
........##.# #.#
.# ####....##.#
#.# . #....##.#
#.### ## #....##.#
#...# #.


There were no monsters in sight!

Vanquished Creatures
  A hound (D:4)
  6 adders
  3 worms
  2 orcs
  2 ball pythons (D:2)
  2 endoplasms
  3 giant cockroaches
  5 goblins
  5 hobgoblins
  A quokka (D:3)
  4 bats
  A kobold (D:4)
  2 rats (D:2)
37 creatures vanquished.

Vanquished Creatures (others)
  5 plants
5 creatures vanquished.

Grand Total: 42 creatures vanquished

Notes
Turn   | Place    | Note
-------+----------+-------------------------------------------
     0 | D:1      | comborobin the Octopode Brigand began the quest for the
                  | Orb.
     0 | D:1      | Reached XP level 1. HP: 14/14 MP: 1/1
    29 | D:1      | You fall into a shaft and drop 1 floor!
   159 | D:2      | Reached XP level 2. HP: 16/19 MP: 2/2
   442 | D:2      | Reached XP level 3. HP: 24/24 MP: 3/3
  1027 | D:3      | Reached XP level 4. HP: 29/29 MP: 4/4
  1289 | D:3      | Reached skill level 6 in Stealth
  1903 | D:4      | Reached XP level 5. HP: 18/34 MP: 5/5
  1907 | D:4      | Gained mutation: You possess an exceptional clarity of
                  | mind. [potion of mutation]
  1908 | D:4      | Succumbed to an adder's poison

Illustrated notes

Levels and vault maps discovered:
D:1:      tarquinn_simple_flora_water_f, layout_basic
D:2:      layout_loops_ring, kennysheep_another_room, roderic_roman_lattice,
          serial_bayou_crossing
D:3:      layout_basic, corexii_shack
D:4:      kennysheep_goblin_castle, layout_loops_ring, jmf_multi_god_temple,
          lightli_sewer_entry_pipes, minivault_24,
          chequers_serial_rivers_small_b, grunt_ministairs_8, minmay_liquid_box

Skill      XL: |  1  2  3  4 |
---------------+-------------+-----
Short Blades   | 3 4 |  4.4
Stealth        | 6 |  6.5
Fighting       | |  2.0
Throwing       | |  2.0
Dodging        | |  1.0

Action                   |  1- 3 |  4- 6 || total
-------------------------+-------+-------++-------
Melee: Dagger            |    37 |    40 ||    77
       Tentacles         |     2 |     7 ||     9
       Constrict         |     4 |     8 ||    12
  Use: Potion            |     1 |     2 ||     3
 Stab: Sleeping          |    10 |     6 ||    16
Armor: Skin              |     1 |     2 ||     3
Dodge: Dodged            |    10 |     9 ||    19
